 Dungeon Crawl Stone Soup version 0.28.0-1-gb440e238dd (webtiles) character file.

Game seed: 17974889495538053171

83061 EWolf27 the Earth Mage (level 15, -5/89 HPs)
             Began as a Gargoyle Earth Elementalist on Feb 19, 2022.
             Was a High Priest of Vehumet.
             Slain by an anaconda (11 damage)
             ... on level 3 of the Lair of Beasts on Feb 22, 2022.
             The game lasted 02:51:44 (43998 turns).

EWolf27 the Earth Mage (GrEE)                      Turns: 43998, Time: 02:51:45

Health: -5/89      AC: 24    Str: 14    XL:     15   Next: 75%
Magic:  18/29      EV: 11    Int: 21    God:    Vehumet [*****.]
Gold:   936        SH: 10    Dex: 10    Spells: 9/35 levels left

rFire   . . .      SeeInvis .   b - +6 broad axe (drain)
rCold   . . .      Faith    .   y - +0 kite shield
rNeg    + + .      Spirit   .   M - +2 leather armour {Will+}
rPois   ∞          Reflect  .   (no helmet)
rElec   +          Harm     .   w - +1 cloak
rCorr   .          Rampage  .   i - +1 pair of gloves of Hevabre {rPois rN+ Will+ Stlth+}
Will    +++..                   (no boots)
Stlth   +++.......              g - amulet of magic regeneration
HPRegen 0.24/turn               p - +4 ring of evasion
MPRegen 0.61/turn               z - +4 ring of protection

@: flying, constricted, studying Armour
A: sickness immunity, AC +11, big wings, negative energy resistance 1,
electricity resistance, torment resistance 1, petrification resistance
a: Renounce Religion


You were on level 3 of the Lair of Beasts.
You worshipped Vehumet.
Vehumet was extremely pleased with you.
You visited 5 branches of the dungeon, and saw 24 of its levels.
You also visited: Sewer.

You collected 3124 gold pieces.
You spent 2188 gold pieces at shops.

Inventory:

Hand Weapons
 a - a +2 war axe of electrocution
 b - a +6 broad axe of draining (weapon)
Missiles
 c - 9 boomerangs
 q - 456 stones
Armour
 i - the +1 pair of gloves of Hevabre (worn) {rPois rN+ Will+ Stlth+}
   (You found it on level 1 of the Lair of Beasts)

   rPois:     It protects you from poison.
   rN:        It protects you from negative energy.
   Will:      It increases your willpower.
   Stlth:     It makes you more stealthy.
 w - a +1 cloak (worn)
 y - a +0 kite shield (worn)
 M - a +2 leather armour of willpower (worn)
Magical Staves
 J - a staff of earth
Jewellery
 e - a ring of see invisible
 g - an amulet of magic regeneration (around neck)
 p - a +4 ring of evasion (left hand)
 s - a +6 ring of strength
 u - an amulet of the acrobat
 z - a +4 ring of protection (right hand)
Wands
 t - a wand of acid (5)
 K - a wand of iceblast (17)
 L - a wand of mindburst (12)
 N - a wand of flame (16)
 Q - a wand of digging (8)
 R - a wand of paralysis (5)
 T - a wand of polymorph (7)
Scrolls
 h - 2 scrolls of silence
 j - 4 scrolls of fear
 l - 5 scrolls of fog
 m - 11 scrolls of teleportation
 o - a scroll of summoning
 r - a scroll of identify
 v - 2 scrolls of magic mapping
 E - a scroll of enchant armour
 F - a scroll of immolation
 G - 2 scrolls of amnesia
 P - a scroll of holy word
Potions
 f - 3 potions of heal wounds
 k - a potion of brilliance
 n - 2 potions of cancellation
 A - 3 potions of invisibility
 B - 5 potions of mutation
 C - 2 potions of magic
 D - 5 potions of might
 H - 2 potions of haste
 I - 8 potions of curing
 S - a potion of lignification
 U - a potion of ambrosia


   Skills:
 + Level 8.8 Fighting
 + Level 11.9(12.2) Axes
 + Level 4.2(9.4) Maces & Flails
 - Level 1.5 Dodging
 - Level 2.1 Stealth
 * Level 10.0 Shields
 + Level 10.5 Spellcasting
 + Level 12.3 Conjurations
 - Level 1.8 Transmutations
 - Level 6.0 Ice Magic
 * Level 15.3 Earth Magic


You had 9 spell levels left.
You knew the following spells:

 Your Spells              Type           Power      Damage    Failure   Level
a - Sandblast             Erth           100%       2d20      1%          1
b - Stone Arrow           Conj/Erth      100%       3d13      1%          3
c - Petrify               Tmut/Erth      47%        N/A       4%          4
d - Frozen Ramparts       Ice            72%        1d9       1%          3
e - Iron Shot             Conj/Erth      31%        9d6       2%          6
f - Hailstorm             Conj/Ice       49%        3d11      1%          4
g - Lee's Rapid Deconstr  Erth           33%        3d18*     1%          5

Your spell library contained the following spells:

 Spells                   Type           Power      Damage    Failure   Level
 Conjure Ball Lightning   Conj/Air       18%        3x3d6     45%         6
 Magic Dart               Conj           100%       1d8       1%          1
 Passwall                 Tmut/Erth      39%        N/A       1%          2
 Mephitic Cloud           Conj/Pois/Air  28%        N/A       2%          3
 Flame Wave               Conj/Fire      37%        2d9       3%          4
 Poisonous Vapours        Pois/Air       22%        N/A       7%          2
 Scorch                   Fire           22%        2d6       7%          2
 Irradiate                Conj/Tmut      20%        3d20      7%          5
 Animate Armour           Summ/Erth      86%        N/A       8%          4
 Leda's Liquefaction      Hex/Erth       21%        N/A       8%          4
 Sting                    Tmut/Pois      56%        1d5       12%         1
 Call Imp                 Summ           11%        N/A       26%         2
 Corpse Rot               Necr/Air       22%        N/A       26%         2
 Ice Form                 Ice/Tmut       27%        N/A       34%         4
 Olgreb's Toxic Radiance  Pois           11%        N/A       38%         4
 Call Canine Familiar     Summ           11%        N/A       45%         3
 Portal Projectile        Hex/Tloc       22%        N/A       45%         3
 Teleport Other           Tloc           11%        N/A       45%         3
 Summon Ice Beast         Ice/Summ       23%        N/A       45%         4
 Dispel Undead            Necr           11%        3d9       86%         4
 Passage of Golubria      Tloc           11%        N/A       86%         4
 Blade Hands              Tmut           9%         N/A       92%         5
 Death Channel            Necr           5%         N/A       100%        6
 Summon Cactus Giant      Summ           5%         N/A       100%        6
 Disjunction              Tloc           5%         N/A       100%        8
 Sublimation of Blood     Necr           Unusable   N/A       N/A         2
 Statue Form              Tmut/Erth      Unusable   N/A       N/A         6

Dungeon Overview and Level Annotations

Branches:
Dungeon (14/15)            Temple (1/1) D:7            Lair (6/6) D:9
  Swamp (0/4) Lair:3        Snake (1/4) Lair:3        Slime (0/5) Lair:6
    Orc (2/2) D:12            Elf (0/3) Orc:2        Vaults (0/5) D:13
  Sewer (visited)

Altars:
Ashenzari
Cheibriados
Dithmenos
Elyvilon
Fedhas
Gozag
Hepliaklqana
Kikubaaqudgha
Makhleb
Nemelex Xobeh
Okawaru
Qazlal
Ru
Sif Muna
Trog
Uskayaw
Vehumet
Wu Jian
Xom
Yredelemnul
Zin
The Shining One
Beogh
Lugonu

Shops:
D:1 :   D:12 :   Orc:2 *:(([

Portals:
Abyss: Orc:1

Annotations:
D:3 exclusion: downstairs
D:11 stash 1
Lair:6 2 transporters, exclusion: 4 oklob plants, hitsuchi's ghost, journeyman OpVM


Innate Abilities, Weirdness & Mutations

You are immune to sickness and miasma.
Your stone body is resilient. (AC +11)
You are immune to poison.
Your large and strong wings let you fly.
You resist negative energy. (rN+)
You are resistant to electric shocks. (rElec)
You are resistant to unholy torment.
You are immune to petrification.


Message History

* * * LOW HITPOINT WARNING * * *
You feel much better. The anaconda completely misses you.
The anaconda constricts you. You block the anaconda's attack.
The anaconda constricts you. The naga barely misses you.
You escape the anaconda's grasp.
You block the anaconda's attack. The anaconda bites you.
The naga mage points at the naga warrior and mumbles some strange words.
The naga warrior seems to grow toxic.
The naga warrior spits poison at you. The splash of poison misses you.
The anaconda grabs you.
The anaconda bites you but does no damage.
The anaconda constricts you.
You escape the anaconda's grasp.
You block the anaconda's attack. The anaconda completely misses you.
You block the anaconda's attack.
The anaconda bites you but does no damage.
You block the naga warrior's attack.
The naga mage casts a spell at the naga mage.
The naga mage seems to grow toxic.
The anaconda barely misses you. You block the anaconda's attack.
There is a staircase back to the Lair here.
The salamander no longer looks unusually strong.
You block the anaconda's attack. x2; The anaconda barely misses you.
You block the anaconda's attack.
The naga warrior hits you from afar with a +0 glaive of protection!!
* * * LOW HITPOINT WARNING * * *
You fly upwards.
Welcome back to the Lair of Beasts!
There is a staircase to the Snake Pit here.
Casting: Sandblast (safe; 1% risk of failure)
Confirm with . or Enter, or press ? or * to list all spells.
Aiming: Stone Arrow (safe; 1% risk of failure)
Press: ? - help, Shift-Dir - straight line, f - anaconda
Aim: an anaconda (severely wounded, fast, 61% to hit)
The stone arrow misses the anaconda.
The anaconda grabs you. The anaconda bites you!
* * * LOW HITPOINT WARNING * * *
The anaconda constricts you.
The anaconda bites you but does no damage.
The anaconda constricts you. The anaconda bites you!
You die...

##......## ##......
#........######### ##.....
#........#≈P≈≈##≈# #.....
##.........≈≈≈≈≈P## #.....
#.........≈≈≈≈≈≈≈.## #.....
##......≈≈≈≈..≈≈≈≈.## #.....
#......≈≈≈..≈..≈≈≈.## ##.....
#####.....≈≈≈....≈.≈≈≈..###......
.##.#....(.≈≈..S@...≈≈..##.......
....#......≈≈≈...≈.)≈≈..##.P.....
...........≈≈≈....≈≈≈≈...........
............≈≈≈...≈≈≈............
)............≈≈≈≈≈≈≈.............
..............≈≈≈)≈..............
.................................
.................................
##.##.......#########...##P......


You could see an anaconda (fast).

Vanquished Creatures
  An orc warlord (Orc:2)
  A centaur warrior (D:13)
  3 boulder beetles
  9 hydras
  A catoblepas (Lair:6)
  An ogre mage (D:13)
  11 two-headed ogres
  A tengu warrior (D:12)
  A death yak (Lair:6)
  5 orc high priests
  A salamander mystic (Snake:1)
  A deep elf archer (D:13)
  A lindwurm (Lair:6)
  A deep elf pyromancer (D:12)
  Pikel (D:6)
  6 orc knights
  2 deep elf zephyrmancers (D:13)
  An oklob plant (Lair:6)
  A cyclops (D:11)
  2 manticores
  4 orc sorcerers
  15 elephants
  7 black mambas
  A torpor snail (Lair:2)
  A naga mage (Snake:1)
  Maggie (D:9)
  3 gargoyles (D:12)
  13 cane toads
  A kobold demonologist (D:10)
  An unseen horror (D:13)
  7 rime drakes
  8 komodo dragons
  7 trolls
  33 blink frogs
  2 hornets
  6 slime creatures (D:12)
  5 dream sheep
  7 wyverns
  2 shadows
  3 water elementals (D:12)
  47 yaks
  A wraith (D:11)
  Grum (D:11)
  6 basilisks
  6 vampire mosquitoes
  A steam dragon (D:6)
  4 wargs (Orc:2)
  4 nagas
  19 water moccasins
  A sky beast (D:6)
  4 necrophages
  33 orc warriors
  A hornet zombie (D:4)
  An ice beast (D:7)
  2 black bears
  A boggart (D:14)
  11 ogres
  18 wolves
  13 centaurs
  2 lemures (D:6)
  A phantom (D:4)
  A kobold brigand (D:6)
  12 bullfrogs
  3 gnoll sergeants
  5 scorpions
  A water moccasin zombie (D:5)
  A wyvern skeleton (D:7)
  A water moccasin skeleton (D:4)
  22 killer bees
  3 wights (D:8)
  6 howler monkeys
  11 electric eels
  5 centaur zombies
  9 hounds
  16 orc priests
  2 bullfrog skeletons
  5 iguanas
  A scorpion zombie (D:5)
  11 orc wizards
  A hell rat (Sewer)
  A howler monkey zombie (D:5)
  17 gnolls
  A howler monkey skeleton (D:5)
  17 adders
  4 river rats
  A white imp (D:6)
  An ufetubus (D:6)
  An adder skeleton (D:4)
  2 worms (D:3)
  2 dart slugs
  68 orcs
  5 endoplasms
  2 giant cockroaches
  7 goblins
  12 hobgoblins
  8 jackals
  13 kobolds
  4 quokkas
  4 ball pythons
  13 bats
  2 frilled lizards (D:3)
  16 rats
  A lurking horror (Orc:1)
673 creatures vanquished.

Vanquished Creatures (others)
  An ogre (D:5)
  A howler monkey (D:12)
  An orc wizard (D:5)
  An iguana (D:5)
  3 adders (D:5)
  A quokka (D:5)
  A bush (Lair:4)
  66 fungi
  77 plants
152 creatures vanquished.

Grand Total: 825 creatures vanquished

Notes
Turn   | Place    | Note
-------+----------+-------------------------------------------
     0 | D:1      | EWolf27 the Gargoyle Earth Elementalist began the quest for
                  | the Orb.
     0 | D:1      | Reached XP level 1. HP: 10/10 MP: 3/3
   256 | D:1      | Reached XP level 2. HP: 15/15 MP: 3/5
   286 | D:1      | Reached skill level 4 in Earth Magic
   733 | D:1      | Found Wavihi's Book Boutique.
   934 | D:1      | Reached XP level 3. HP: 19/19 MP: 4/6
  1954 | D:2      | Reached XP level 4. HP: 24/24 MP: 6/8
  1954 | D:2      | Found a faded altar of an unknown god.
  2690 | D:2      | Learned a level 3 spell: Stone Arrow
  2695 | D:2      | Learned a level 4 spell: Petrify
  2745 | D:3      | Reached skill level 5 in Earth Magic
  3455 | D:4      | Noticed a scorpion
  3517 | D:3      | Reached XP level 5. HP: 17/28 MP: 8/10
  3883 | D:3      | Reached skill level 1 in Conjurations
  4289 | D:4      | Reached skill level 1 in Maces & Flails
  4291 | D:4      | Reached XP level 6. HP: 15/33 MP: 8/11
  4715 | D:4      | Reached skill level 1 in Fighting
  5584 | D:4      | Reached skill level 6 in Earth Magic
  5584 | D:4      | Reached XP level 7. HP: 31/38 MP: 9/13
  7032 | D:5      | Entered Level 5 of the Dungeon
  7070 | D:5      | Reached skill level 5 in Spellcasting
  7146 | D:5      | Found a shimmering altar of Xom.
  7195 | D:5      | Found a basalt altar of Yredelemnul.
  7198 | D:5      | Found a bloodstained altar of Trog.
  7201 | D:5      | Found a snail-covered altar of Cheibriados.
  7354 | D:5      | Reached skill level 7 in Earth Magic
  7377 | D:5      | Reached XP level 8. HP: 18/43 MP: 1/16
  7726 | D:5      | Found a glowing drain.
  7731 | Sewer    | Entered a sewer
  9277 | D:6      | Reached skill level 8 in Earth Magic
  9668 | D:5      | Reached XP level 9. HP: 45/49 MP: 11/18
 10477 | D:6      | Noticed Pikel
 10676 | D:6      | Killed Pikel
 10677 | D:6      | Reached skill level 5 in Conjurations
 11041 | D:6      | Noticed a hornet
 11048 | D:6      | Killed a hornet
 11358 | D:6      | Reached skill level 9 in Earth Magic
 11845 | D:6      | Learned a level 3 spell: Frozen Ramparts
 12462 | D:7      | Reached XP level 10. HP: 53/56 MP: 7/21
 12601 | D:7      | Found a staircase to the Ecumenical Temple.
 12606 | Temple   | Entered the Ecumenical Temple
 12697 | Temple   | Became a worshipper of Vehumet
 12738 | D:7      | Found a stormy altar of Qazlal.
 13913 | D:7      | Reached skill level 10 in Earth Magic
 14129 | D:8      | Found a broken altar of Ashenzari.
 14191 | D:8      | Reached * piety under Vehumet
 14191 | D:8      | Offered knowledge of Magic Dart by Vehumet.
 15870 | D:8      | Reached ** piety under Vehumet
 16107 | D:8      | Offered knowledge of Poisonous Vapours by Vehumet.
 16431 | D:9      | Noticed a two-headed ogre
 16443 | D:9      | Killed a two-headed ogre
 16469 | D:9      | Reached skill level 5 in Fighting
 16513 | D:9      | Reached XP level 11. HP: 56/63 MP: 7/23
 16760 | D:9      | Found a staircase to the Lair.
 16875 | D:9      | Reached skill level 11 in Earth Magic
 17173 | D:9      | Noticed Maggie
 17180 | D:9      | Killed Maggie
 17181 | D:9      | Reached skill level 1 in Transmutations
 17894 | D:10     | Entered Level 10 of the Dungeon
 17927 | D:10     | Found a sparkling altar of Nemelex Xobeh.
 18185 | D:1      | Bought a book of Iron for 360 gold pieces
 18192 | D:1      | Learned a level 6 spell: Iron Shot
 18765 | D:10     | Reached skill level 10 in Conjurations
 19211 | D:10     | Reached skill level 1 in Axes
 19609 | D:10     | Offered knowledge of Inner Flame by Vehumet.
 20054 | D:10     | Found a sacrificial altar of Ru.
 20375 | D:11     | Noticed a two-headed ogre
 20861 | D:11     | Noticed a cyclops
 20867 | D:11     | Killed a cyclops
 21015 | D:11     | Noticed Grum
 21024 | D:11     | Killed Grum
 21483 | D:11     | Killed a two-headed ogre
 21484 | D:11     | Reached skill level 1 in Ice Magic
 21484 | D:11     | Reached XP level 12. HP: 69/69 MP: 14/25
 21814 | D:11     | Noticed a six-headed hydra
 21827 | D:11     | Killed a six-headed hydra
 21870 | D:11     | Reached skill level 10 in Spellcasting
 22419 | D:12     | Found a staircase to the Orcish Mines.
 22432 | D:12     | Got Lom Lobon's Catalogue of Translocation
 22462 | D:12     | Noticed a two-headed ogre
 23283 | D:12     | Found Nanax's Book Shoppe.
 23699 | D:12     | Noticed a tengu warrior
 23713 | D:12     | Killed a tengu warrior
 23713 | D:12     | Reached *** piety under Vehumet
 23714 | D:12     | Reached skill level 5 in Axes
 23714 | D:12     | Reached skill level 12 in Earth Magic
 23743 | D:12     | Killed a two-headed ogre
 25330 | D:13     | Noticed a two-headed ogre
 25335 | D:13     | Killed a two-headed ogre
 25530 | D:13     | Noticed a two-headed ogre
 25546 | D:13     | Killed a two-headed ogre
 25547 | D:13     | Reached skill level 1 in Shields
 25572 | D:13     | Noticed a two-headed ogre
 25584 | D:13     | Killed a two-headed ogre
 25585 | D:13     | Reached XP level 13. HP: 76/76 MP: 22/27
 25694 | D:13     | Reached skill level 5 in Ice Magic
 25799 | D:13     | Offered knowledge of Hailstorm by Vehumet.
 25897 | D:13     | Learned a level 4 spell: Hailstorm
 26120 | D:13     | Found a gate to the Vaults.
 27904 | Lair:1   | Entered Level 1 of the Lair of Beasts
 28417 | Lair:1   | Identified the +1 pair of gloves of Hevabre {rPois rN+
                  | Will+ Stlth+}
 28459 | Lair:1   | Found the brooch of Shielding {Spirit SH+8}
 28652 | Lair:1   | Reached skill level 5 in Shields
 28959 | Lair:1   | Reached **** piety under Vehumet
 28999 | Lair:1   | You fall into a shaft and drop 1 floor!
 29791 | Lair:2   | Identified 2 scrolls of acquirement
 29792 | Lair:2   | Acquired 795 gold pieces
 29794 | Lair:2   | Acquired a staff of earth
 29806 | Lair:2   | Reached skill level 13 in Earth Magic
 29889 | Lair:2   | Offered knowledge of Freezing Cloud by Vehumet.
 29894 | Lair:2   | Gained mutation: Your large and strong wings let you fly.
                  | [Gargoyle growth]
 29894 | Lair:2   | Reached XP level 14. HP: 77/82 MP: 14/28
 31587 | Lair:3   | Reached skill level 10 in Axes
 33085 | Lair:3   | Found a staircase to the Snake Pit.
 33229 | Lair:3   | Found a staircase to the Swamp.
 33238 | Lair:3   | Reached ***** piety under Vehumet
 33606 | Lair:3   | Offered knowledge of Conjure Ball Lightning by Vehumet.
 35147 | Lair:4   | Reached skill level 14 in Earth Magic
 36898 | Lair:5   | Reached XP level 15. HP: 89/89 MP: 24/29
 37302 | Lair:6   | Entered Level 6 of the Lair of Beasts
 37477 | Lair:6   | Noticed hitsuchi's ghost (journeyman OpVM)
 38034 | Lair:6   | Found a transporter.
 38082 | Lair:6   | Found a transporter.
 38462 | Lair:6   | Identified the +1 robe of the Lion {-Tele rPois rF- Str+6}
 39847 | Lair:6   | Found a staircase to the Slime Pits.
 40308 | D:12     | Bought a manual of Armour for 1360 gold pieces
 40347 | Orc:1    | Entered Level 1 of the Orcish Mines
 41187 | Orc:1    | Found a corrupted altar of Lugonu.
 41257 | Orc:1    | Found a one-way gate to the infinite horrors of the Abyss.
 41650 | Orc:2    | Entered Level 2 of the Orcish Mines
 41738 | Orc:2    | Found Eteaq's Weapon Boutique.
 41773 | Orc:2    | Found Xutwiciuj's Book Shop.
 42044 | Orc:2    | Bought a book of the Earth for 468 gold pieces
 42050 | Orc:2    | Learned a level 5 spell: Lee's Rapid Deconstruction
 42105 | Orc:2    | Noticed an orc warlord
 42180 | Orc:2    | Found a staircase to the Elven Halls.
 42680 | Orc:2    | Found Kyarodi's Antique Armour Boutique.
 42717 | Orc:2    | Reached skill level 15 in Earth Magic
 42979 | Orc:2    | Found Neskeorr's General Store.
 42988 | Orc:2    | Killed an orc warlord
 43297 | Orc:2    | Reached skill level 10 in Shields
 43433 | Orc:2    | Found Dunga's Antique Weapon Boutique.
 43964 | Snake:1  | Entered Level 1 of the Snake Pit
 43998 | Lair:3   | Slain by an anaconda

Illustrated notes

Levels and vault maps discovered:
D:1:      sevenhm_arrival_forest_fort_small_5, layout_basic, serial_shops,
          nicolae_shop_temple_entry_statues_fountains
D:2:      layout_rooms, dreamdust_ecumenical_altar_grove,
          grunt_decor_mini_mirrors, st_stairs_11, hangedman_glass_teeth,
          kennysheep_nub, hangedman_abyss_or_decor_stabs,
          wad_floor_pattern_untrapped, minmay_pentomino_q2
D:3:      layout_basic, grunt_ministairs_4, corner_web_ring
D:4:      layout_rooms, chequers_ossuary_entry_cave
D:5:      layout_loops_cross, xom_confusion_cloud,
          grunt_temple_overflow_diamond, portal_sewer_entry_e
D:6:      layout_gridville, minmay_tree_intersection, minmay_unpleasant_kobolds,
          uniq_pikel
D:7:      old_forge, layout_rooms, grunt_qazlal_clouds, temple_doors_ab
D:8:      layout_loops_corners, cheibrodos_ashenzari_chains, special_room
          [special_room_orc]
D:9:      layout_loops_ring, erik_lair_island, uniq_maggie
D:10:     layout_cave_pools, nemelex_xobeh_ov_fountains_minmay,
          nicolae_ru_the_path_less_chosen, kennysheep_flooded_box
D:11:     layout_irregular_city, uniq_grum
D:12:     layout_basic, orc_0_dummy, serial_shops, nicolae_take_the_stairs
D:13:     layout_basic, hangedman_vaults_entry_quadrant_bands
D:14:     layout_loops_ring, hangedman_decor_lopped
Temple:   zaba_magenta_temple
Lair:1:   hellmonk_destroyed_diamonds, layout_regular_city,
          chequers_serial_rivers_small_a
Lair:2:   layout_gridlike, minivault_19, lemuel_fruit_tree
Lair:3:   layout_hall_layers, minmay_swamp_entry_eels,
          guppyfry_snake_entry_island
Lair:4:   minmay_lair_venomous_thicket, layout_regular_city,
          lemuel_fruit_fields, infiniplex_staircase_pool_2, grunt_megastairs_2
Lair:5:   layout_misc_corridors, serial_forest, infiniplex_forest_clump_large,
          infiniplex_forest_end_3, infiniplex_forest_lined_2,
          infiniplex_forest_lined_3, infiniplex_forest_straight_1
Lair:6:   guppyfry_lair_end_dragon, layout_regular_city,
          hangedman_lair_in_review, minmay_slime_entry_oklob_enclosed,
          nzn_ghost_randoct
Snake:1:  layout_chambers
Orc:1:    layout_caves, basic_altar, amcnicky_altar_lugonu_corruption
Orc:2:    grunt_orc_gardens, layout_caves, grunt_orc_garden, grunt_orc_garden,
          grunt_orc_garden, grunt_orc_garden, serial_shops, shop,
          guppyfry_orc_lava_fort

Skill      XL: |  1  2  3  4  5  6  7  8  9 10 11 12 13 14 15 |
---------------+----------------------------------------------+-----
Earth Magic    | 4 5 6 7 8 9 10 11 12 13 14 15 | 15.3
Spellcasting   | 3 4 5 6 7 8 9 10 | 10.5
Conjurations   | 1 2 3 4 7 9 11 12 | 12.3
Maces & Flails | 1 2 3 4 |  4.2
Fighting       | 1 2 4 5 6 7 8 |  8.8
Transmutations | 1 |  1.8
Axes           | 3 6 8 11 | 11.9
Ice Magic      | 1 4 6 |  6.0
Shields        | 1 6 8 10 | 10.0
Dodging        | |  1.5
Stealth        | |  2.1

Action                   |  1- 3 |  4- 6 |  7- 9 | 10-12 | 13-15 || total
-------------------------+-------+-------+-------+-------+-------++-------
Melee: Unarmed           |     1 |       |       |       |       ||     1
       Short sword       |     8 |       |       |       |       ||     8
       Dagger            |    31 |     9 |       |       |       ||    40
       Punch             |     1 |     1 |     3 |     1 |       ||     6
       War axe           |       |    45 |   185 |   267 |   452 ||   949
       Broad axe         |       |       |       |       |   132 ||   132
 Cast: Sandblast         |    40 |    55 |    26 |    39 |     8 ||   168
       Stone Arrow       |       |     5 |    81 |   263 |   447 ||   796
       Petrify           |       |       |       |     3 |       ||     3
       Frozen Ramparts   |       |       |       |     3 |    16 ||    19
       Iron Shot         |       |       |       |     1 |    34 ||    35
       Hailstorm         |       |       |       |       |     4 ||     4
       Lee's Rapid Decon |       |       |       |       |     7 ||     7
  Use: Scroll            |       |       |     8 |    13 |    19 ||    40
       Potion            |       |       |       |     1 |     2 ||     3
 Stab: Sleeping          |       |       |     1 |     1 |     1 ||     3
       Distracted        |       |       |       |     1 |       ||     1
Armor: Robe              |    19 |    24 |   127 |    49 |       ||   219
       Leather armour    |       |       |       |   173 |   411 ||   584
Dodge: Dodged            |    33 |   101 |   247 |   409 |   542 ||  1332
Block: Kite shield       |       |       |       |       |   485 ||   485
